 Dungeon Crawl Stone Soup version 0.19-a0-1834-g6b7851e (webtiles) character file.

20759 dobroeutro the Grappler (level 12, -16/126 HPs)
             Began as a Troll Monk on Oct 9, 2016.
             Was the Champion of Cheibriados.
             Demolished by a vault guard
             ... wielding a +0 great mace
              (33 damage)
             ... on level 12 of the Dungeon.
             The game lasted 00:19:33 (10360 turns).

dobroeutro the Grappler (Troll Monk)               Turns: 10360, Time: 00:19:33

Health: -16/126    AC: 17    Str: 41    XL:     12   Next: 48%
Magic:  11/11      EV: 18    Int: 21    God:    Cheibriados [******]
Gold:   1067       SH:  3    Dex: 27    Spells: 0 memorised, 11 levels left

rFire  . . .     SeeInvis .       - Unarmed
rCold  + . .     Gourm    +     M - +2 robe {MR+}
rNeg   . . .     Faith    .     (no shield)
rPois  .         Spirit   .     (helmet restricted)
rElec  .         Dismiss  .     G - +2 cloak
rCorr  .         Reflect  +     (gloves unavailable)
MR     +....     Harm     .     (boots unavailable)
Stlth  ++........               R - +3 amulet of reflection
                                C - +6 ring of protection
                                m - ring of protection from cold

@: very slow
A: unfitting armour, claws 3, fast metabolism 3, gourmand, regeneration 1,
shaggy fur 1, tough skin 2
a: Bend Time, Temporal Distortion, Slouch, Step From Time, Renounce Religion


You were on level 12 of the Dungeon.
You worshipped Cheibriados.
Cheibriados was exalted by your worship.
You were completely stuffed.

You visited 2 branches of the dungeon, and saw 14 of its levels.
You also visited: Ossuary.

You collected 1067 gold pieces.

Inventory:

Armour
 G - a +2 cloak (worn)
 M - a +2 robe of magic resistance (worn)
 O - a troll hide
Jewellery
 m - a ring of protection from cold (left claw)
 t - an uncursed ring of protection from fire
 C - a +6 ring of protection (right claw)
 F - an uncursed ring of flight
 R - a +3 amulet of reflection (around neck)
 U - an uncursed ring of poison resistance {unknown}
Wands
 a - a wand of enslavement (12/24)
 I - a wand of digging (11/24)
 L - a wand of flame (24/48)
 N - a wand of teleportation (5/9)
 V - a wand of confusion (24/48)
 W - a wand of iceblast (9/15)
 Y - a wand of lightning (12/15)
Scrolls
 h - 10 scrolls of identify
 i - a scroll of immolation
 j - 2 scrolls of magic mapping
 k - 3 scrolls of enchant armour
 n - 4 scrolls of teleportation
 q - 6 scrolls of remove curse
 s - 2 scrolls of random uselessness
 y - a scroll of brand weapon {unknown}
 z - 3 scrolls of blinking {unknown}
 A - 5 scrolls of fear {unknown}
 E - a scroll of enchant weapon {unknown}
 J - a scroll of fog {unknown}
 Q - a scroll of recharging {unknown}
 S - 4 scrolls of amnesia {unknown}
 T - a scroll of torment {unknown}
Potions
 e - 2 potions of magic
 f - 2 potions of brilliance {unknown}
 g - 6 potions of curing {unknown}
 l - 10 potions of degeneration {unknown}
 o - 3 potions of lignification {unknown}
 p - 2 potions of berserk rage {unknown}
 u - 2 potions of haste {unknown}
 v - 5 potions of heal wounds
 w - 3 potions of ambrosia {unknown}
 x - 2 potions of flight {unknown}
 B - a potion of mutation {unknown}
 D - a potion of agility {unknown}
 K - a potion of resistance {unknown}
 X - a potion of cancellation {unknown}
Books
 H - a book of Conjurations

   Spells                             Type                      Level
   a - Magic Dart                     Conjuration                  1
   b - Searing Ray                    Conjuration                  2
   c - Dazzling Spray                 Conjuration/Hexes            3
   d - Fulminant Prism                Conjuration/Hexes            4
   e - Iskenderun's Mystic Blast      Conjuration                  4
   f - Iskenderun's Battlesphere      Conjuration/Charms           5
Comestibles
 b - 8 bread rations
 c - 4 beef jerkies
 d - a royal jelly
 r - 31 fruits
 P - 3 meat rations


   Skills:
 + Level 10.3 Fighting
 + Level 7.6 Armour
 + Level 8.3 Dodging
 - Level 1.0 Stealth
 + Level 11.8 Unarmed Combat


You had 11 spell levels left.
You didn't know any spells.

Dungeon Overview and Level Annotations

Branches:
Dungeon (13/15)            Temple (1/1) D:5            Lair (0/6) D:10
    Orc (0/2) D:9
 Vaults: D:13-14

Altars:
Ashenzari
Cheibriados
Dithmenos
Elyvilon
Gozag
Kikubaaqudgha
Makhleb
Nemelex Xobeh
Sif Muna
Trog
Uskayaw
Vehumet
Xom
Yredelemnul
Zin
The Shining One

Shops:
D:4 =

Annotations:
D:3 Sigmund


Innate Abilities, Weirdness & Mutations

You are too large for most types of armour.
You have claws for hands.
Your metabolism is lightning-fast.
You like to eat raw meat.
Your natural rate of healing is unusually fast.
You are covered in fur. (AC +1)
You have very tough skin. (AC +2)


Message History

You are too injured to fight recklessly!
You are too injured to fight recklessly!
You are too injured to fight recklessly!
The vault guard hits you but does no damage.
There is a stone staircase leading up, spattered with blood here.
The vault guard hits you with a great mace.
* * * LOW HITPOINT WARNING * * *
You climb upwards.
There is a stone staircase leading down, spattered with blood here.
You eviscerate the vault guard!!!
The vault guard is heavily wounded.
You barely miss the vault guard.
The vault guard is heavily wounded.
The vault guard hits you with a great mace!!
* * * LOW HITPOINT WARNING * * *
You scratch the vault guard but do no damage.
You claw the vault guard, but do no damage.
The vault guard is heavily wounded.
The vault guard hits you with a great mace!!
You die...

.......#####.###..#
....#......#......#
...###.###.###.##.# ##>....#
#.....##.###############
######.###.#####...............<#
.....#.....# #.)#############.#
####.###.### #..####### #.. #.#
#.# #[.......# #.# ###.# #.#
#@######.# #.# #...# #.# #p# #.#
#.# #.### #.# #.## #.# #.# ##.#
#.# #..# #.## #.# ...# #.# ##.#
#..# #.. .### #.#
#.######.######.# .# #.#
#.##....(........ .#######.#
#.##.###.######.. ......##.#
#.##.# #.# #).


You could see a vault guard.

Vanquished Creatures
  Josephine (D:10)
  Erolcha (D:11)
  5 vault guards
  Harold (D:11)
  A centaur warrior (D:13)
  A hill giant (D:13)
  An ugly thing (D:13)
  A manticore (D:12)
  A centaur zombie (D:12)
  A centaur skeleton (D:11)
  A kobold demonologist (D:11)
  A troll (D:10)
  Prince Ribbit (D:9)
  A hornet (D:12)
  2 two-headed ogres
  3 hippogriffs
  6 yaks
  5 wraiths (D:10)
  A vampire (D:10)
  A shadow (D:11)
  A wyvern (D:9)
  4 hungry ghosts
  Grum (D:9)
  A warg (D:9)
  3 vampire mosquitoes (D:13)
  A soldier ant (D:10)
  2 water moccasins
  The ghost of dobroeutro the Ruffian, an amateur TrMo (D:3)
  3 orc warriors
  6 ice beasts
  A black bear (D:13)
  11 ogres
  An eye of draining (D:9)
  5 wolves
  8 centaurs
  A big kobold (D:8)
  3 bullfrogs
  7 scorpions
  18 killer bees
  3 wights (D:7)
  5 electric eels (D:10)
  10 howler monkeys
  2 bullfrog zombies (D:12)
  6 crimson imps
  A quasit (D:13)
  10 hounds
  10 orc priests
  A jelly (D:5)
  A gnoll shaman (D:6)
  Crazy Yiuf (D:6)
  13 orc wizards
  3 bullfrog skeletons
  Jessica (D:2)
  2 iguanas
  9 worker ants
  3 hound skeletons
  8 mummies (Ossuary)
  2 howler monkey skeletons
  2 worker ant zombies
  6 gnolls
  9 adders
  3 shadow imps
  2 oozes
  An adder zombie (D:6)
  3 worms
  3 dart slugs
  3 leopard geckos
  38 orcs
  8 bats
  5 giant cockroaches
  A gnoll zombie (Ossuary)
  11 goblins
  11 hobgoblins
  12 jackals
  9 quokkas
  A ball python (D:1)
  2 frilled lizards (D:1)
  2 hobgoblin zombies (Ossuary)
  15 kobolds
  4 kobold zombies (Ossuary)
  A leopard gecko skeleton (D:4)
  An orc zombie (Ossuary)
  4 rats
  A fungus (D:6)
363 creatures vanquished.

Notes
Turn   | Place    | Note
-------+----------+-------------------------------------------
     0 | D:1      | dobroeutro the Troll Monk began the quest for the Orb.
     0 | D:1      | Reached XP level 1. HP: 22/22 MP: 0/0
    79 | D:1      | You fall through a shaft!
   116 | D:1      | Reached XP level 2. HP: 29/29 MP: 1/1
   646 | D:1      | Reached XP level 3. HP: 30/37 MP: 2/2
   820 | D:2      | Found a basalt altar of Yredelemnul.
   901 | D:2      | Found an opulent altar of Gozag.
   990 | D:2      | Noticed Jessica
  1000 | D:2      | Killed Jessica
  1000 | D:2      | Reached skill level 4 in Unarmed Combat
  1000 | D:2      | Reached XP level 4. HP: 16/45 MP: 3/3
  1056 | D:2      | Found a burning altar of Makhleb.
  1590 | D:3      | Noticed Sigmund
  1744 | D:3      | Reached XP level 5. HP: 20/53 MP: 4/4
  1937 | D:3      | Reached skill level 5 in Unarmed Combat
  2010 | D:3      | Found a shimmering altar of Xom.
  2035 | D:3      | Noticed dobroeutro's ghost (amateur TrMo)
  2375 | D:3      | Reached XP level 6. HP: 58/62 MP: 5/5
  2395 | D:3      | Killed dobroeutro's ghost
  2486 | D:4      | Reached skill level 6 in Unarmed Combat
  2583 | D:4      | Reached XP level 7. HP: 66/71 MP: 6/6
  2590 | D:4      | Found Jabi's Jewellery Emporium.
  2799 | D:4      | Found an ancient bone altar of Kikubaaqudgha.
  2886 | D:4      | Reached skill level 5 in Fighting
  3054 | D:5      | Entered Level 5 of the Dungeon
  3106 | D:5      | Found a radiant altar of Vehumet.
  3156 | D:5      | Found a staircase to the Ecumenical Temple.
  3174 | D:5      | Found a sand-covered staircase.
  3180 | Temple   | Entered the Ecumenical Temple
  3233 | Temple   | Became a worshipper of Cheibriados the Contemplative
  3233 | Temple   | Reached * piety under Cheibriados
  3233 | Temple   | Reached ** piety under Cheibriados
  3265 | Ossuary  | Entered an ossuary
  3568 | D:5      | Reached skill level 7 in Unarmed Combat
  3710 | D:5      | Reached XP level 8. HP: 83/83 MP: 7/7
  3956 | D:5      | Reached *** piety under Cheibriados
  4097 | D:6      | Reached skill level 1 in Armour
  4134 | D:6      | Reached skill level 8 in Unarmed Combat
  4192 | D:6      | Found a glowing silver altar of Zin.
  4411 | D:6      | Identified Modemil's Handbook of Arcane Weapons
  4732 | D:6      | Found a runed door.
  4736 | D:6      | Noticed Crazy Yiuf
  4739 | D:6      | Killed Crazy Yiuf
  4895 | D:7      | Reached **** piety under Cheibriados
  4895 | D:7      | Reached XP level 9. HP: 85/92 MP: 8/8
  4957 | D:7      | Found a sparkling altar of Nemelex Xobeh.
  5092 | D:7      | Found a deep blue altar of Sif Muna.
  5651 | D:8      | Found a glowing golden altar of the Shining One.
  5682 | D:8      | Found a bloodstained altar of Trog.
  5851 | D:8      | Found a bloodstained altar of Trog.
  6295 | D:8      | Reached ***** piety under Cheibriados
  6295 | D:8      | Reached skill level 9 in Unarmed Combat
  6550 | D:9      | Found a shattered altar of Ashenzari.
  6576 | D:9      | Reached skill level 5 in Dodging
  6579 | D:9      | Noticed Prince Ribbit
  6585 | D:9      | Killed Prince Ribbit
  6585 | D:9      | Reached XP level 10. HP: 104/104 MP: 9/9
  6628 | D:9      | Noticed Grum
  6665 | D:9      | Killed Grum
  6741 | D:9      | Found a staircase to the Orcish Mines.
  7071 | D:10     | Entered Level 10 of the Dungeon
  7173 | D:10     | Noticed Josephine
  7176 | D:10     | Reached skill level 5 in Armour
  7186 | D:10     | Killed Josephine
  7186 | D:10     | Reached skill level 10 in Unarmed Combat
  7284 | D:10     | Found a staircase to the Lair.
  7490 | D:10     | Reached XP level 11. HP: 102/113 MP: 10/10
  7491 | D:10     | Reached ****** piety under Cheibriados
  8260 | D:11     | Noticed Harold
  8270 | D:11     | Killed Harold
  8667 | D:11     | Noticed Erolcha
  8671 | D:11     | Killed Erolcha
  8730 | D:11     | Reached skill level 11 in Unarmed Combat
  9669 | D:13     | Noticed a hill giant
  9675 | D:13     | Killed a hill giant
  9675 | D:13     | Reached XP level 12. HP: 122/126 MP: 11/11
 10011 | D:13     | Noticed a centaur warrior
 10032 | D:13     | Killed a centaur warrior
 10032 | D:13     | Reached skill level 10 in Fighting
 10149 | D:13     | Noticed a vault guard
 10149 | D:13     | Noticed a vault guard
 10149 | D:13     | Noticed a vault guard
 10151 | D:13     | Noticed a vault guard
 10159 | D:13     | Killed a vault guard
 10164 | D:13     | Killed a vault guard
 10165 | D:13     | Noticed a vault guard
 10169 | D:13     | Noticed a vault guard
 10185 | D:12     | HP: 6/126 [vault guard/war axe (17)]
 10189 | D:12     | Killed a vault guard
 10340 | D:13     | Killed a vault guard
 10347 | D:13     | Noticed a vault guard
 10347 | D:13     | Killed a vault guard
 10360 | D:12     | Demolished by a vault guard

Vault maps used:
D:1:      nagdon_arrival_double_spiral
D:2:      nicolae_overflow_crystal_walls, bloody_makhleb, old_standard_altar,
          grunt_decor_resistance, uniq_jessica
D:3:      nicolae_overflow_hidden_temple, first_bread, minmay_splitting_lines,
          hangedman_abyss_or_decor_stabs, uniq_sigmund
D:4:      kiku_gazebo_garden_becter, serial_shops, shop
D:5:      vehumet_crystals, nicolae_ossuary_entry_monument
D:6:      zin_academy, hangedman_decor_clover_reticule, uniq_crazy_yiuf_cottage
D:7:      kennysheep_little_box, lemuel_doored_altar, amethyst_killhole
D:8:      marbit_many_paths, kennysheep_mini, blue_anna_alchemist,
          trog_hazing_becter
D:9:      kennysheep_mini_moat, david_orc_1_choice, uniq_prince_ribbit1,
          uniq_grum
D:10:     erik_lair_island, uniq_josephine
D:11:     uniq_harold, uniq_erolcha
D:13:     erik_vaults_2, serial_shops, shop
Temple:   nicolae_temple_figure_zero
Ossuary:  ossuary_tomb_3

Skill      XL: |  1  2  3  4  5  6  7  8  9 10 11 12 |
---------------+-------------------------------------+-----
Fighting       | 3 4 5 6 7 8 9 10 | 10.3
Unarmed Combat | 4 5 6 7 8 9 10 11 | 11.8
Armour         | 2 4 5 6 7 |  7.6
Dodging        | 3 5 6 7 8 |  8.3
Stealth        | |  1.0

Action                   |  1- 3 |  4- 6 |  7- 9 | 10-12 || total
-------------------------+-------+-------+-------+-------++-------
Melee: Unarmed           |    77 |   111 |   323 |   458 ||   969
       Punch             |     1 |     3 |    18 |    34 ||    56
  Use: Scroll            |     2 |       |     7 |       ||     9
       Potion            |       |       |     1 |     2 ||     3
 Stab: Sleeping          |       |     6 |     9 |     8 ||    23
       Distracted        |       |       |     1 |     3 ||     4
  Eat: Chunk             |    15 |    12 |    33 |    32 ||    92
       Beef jerky        |       |       |     1 |       ||     1
Armor: Robe              |    35 |    16 |   122 |   135 ||   308
       Animal skin       |       |       |       |    23 ||    23
Dodge: Dodged            |    35 |    40 |   226 |   343 ||   644
Block: Other             |       |       |       |    34 ||    34
